 Dungeon Crawl Stone Soup version 0.29-a0-317-gd16b76e6b1 (webtiles) character file.

Game seed: 17312661324498474022

18 Morbidden the Ruffian (level 2, -1/29 HPs)
             Began as a Troll Monk on Apr 1, 2022.
             Slain by an orc
             ... wielding a +0 hand axe
              (4 damage)
             ... on level 1 of the Dungeon.
             The game lasted 00:00:56 (828 turns).

Morbidden the Ruffian (Troll Monk)                   Turns: 828, Time: 00:00:56

Health: -1/29      AC:  4    Str: 18    XL:     2   Next: 51%
Magic:  10/10      EV: 10    Int: 12    God:
Gold:   92         SH:  0    Dex: 12    Spells: 1/1 levels left

rFire   . . .      SeeInvis .     - Unarmed
rCold   . . .      Faith    .   (no shield)
rNeg    . . .      Spirit   .   a - +0 robe
rPois   .          Reflect  .   (helmet restricted)
rElec   .          Harm     .   (no cloak)
rCorr   .          Rampage  .   (gloves unavailable)
Will    .....                   (boots unavailable)
Stlth   ++........              (no amulet)
HPRegen 0.89/turn               c - +6 ring of intelligence
MPRegen 0.12/turn               d - ring of magical power

@: no status effects
A: large, unfitting armour, claws 3, regeneration 1, shaggy fur 1, tough skin 1
a: no special abilities


You were on level 1 of the Dungeon.
You visited 1 branch of the dungeon, and saw 2 of its levels.

You collected 92 gold pieces.

Inventory:

Armour
 a - a +0 robe (worn)
Jewellery
 c - a +6 ring of intelligence (left claw)
 d - a ring of magical power (right claw)
Scrolls
 e - a scroll of fear {unknown}
 f - a scroll of identify {unknown}
Potions
 b - a potion of ambrosia


   Skills:
 * Level 2.6 Fighting
 * Level 2.7 Dodging
 + Level 1.0 Stealth
 * Level 3.2 Unarmed Combat
 * Level 0.1 Spellcasting


You had one spell level left.
You didn't know any spells.
Your spell library was empty.

Dungeon Overview and Level Annotations

Branches:
Dungeon (2/15)

Altars:


Innate Abilities, Weirdness & Mutations

You are too large for most types of armour.
You have claws for hands.
Your natural rate of healing is unusually fast.
You are covered in fur. (AC +1)
You have tough skin. (AC +1)


Message History

The orc priest looks encouraged for a moment.
There is a stone staircase leading up here.
The orc hits you but does no damage.
You climb upwards.
There is a stone staircase leading down here.
Unknown command.
You claw the orc!
You kill the orc!
No target in view!
Unknown command.
No target in view!
No target in view!
You start resting.
HP restored.
Unknown command.
You climb downwards.
The orc hits you with a +0 flail! The orc barely misses you.
The orc closely misses you. The orc completely misses you.
There is a stone staircase leading up, spattered with blood here.
Unknown command.
The orc priest mumbles some strange prayers to Beogh against you.
Pain shoots through your body! The orc hits you with a +0 flail.
* * * LOW HITPOINT WARNING * * *
The orc hits you with a +0 hand axe.
* * * LOW HITPOINT WARNING * * *
You climb upwards.
There is a stone staircase leading down here.
You are too injured to fight recklessly!
You are too injured to fight recklessly!
Unknown command.
You are too injured to fight recklessly!
You are too injured to fight recklessly!
Unknown command.
Unknown command.
Unknown command.
The orc hits you with a +0 hand axe.
* * * LOW HITPOINT WARNING * * *
Unknown command.
The orc attacks as you move away! The orc hits you with a +0 hand axe.
You die...

#.#.....# #.#.#.#.#
#.#.#.#.#######
#.#.#.#.#.....#
#.#.#.#.#.###.#######
#.#.#...#.###....†..#
#...#.....)...#####.######
#####.#..oo...............
#.#.#@....#.###.######
#.......#.#.....#
####...[######### #....#
#....# ##### #....# #...#
#.[..# #...#
#########....####...# ####
#............'..'...#


You could see 2 orcs.

Vanquished Creatures
  An orc (D:1)
  2 giant cockroaches (D:1)
  2 goblins (D:1)
  2 hobgoblins (D:1)
  A quokka (D:1)
  3 ball pythons (D:1)
  3 bats (D:1)
  A kobold (D:1)
  2 rats (D:1)
17 creatures vanquished.

Notes
Turn   | Place    | Note
-------+----------+-------------------------------------------
     0 | D:1      | Morbidden the Troll Monk began the quest for the Orb.
     0 | D:1      | Reached XP level 1. HP: 22/22 MP: 0/0
   185 | D:1      | Reached XP level 2. HP: 29/29 MP: 1/1
   828 | D:1      | Slain by an orc

Illustrated notes

Levels and vault maps discovered:
D:1:      lemuel_arrival_behind_the_door_large, layout_basic
D:2:      layout_rooms, basic_altar, serial_shops, nicolae_lakefront_shop,
          dreamdust_ecumenical_altar_drowned_temple, minmay_tetromino_l2

Action                   || total
-------------------------++-------
Melee: Unarmed           ||    36
       Punch             ||     1
 Stab: Sleeping          ||     2
Armor: Robe              ||    13
Dodge: Dodged            ||    19

Table legend: (Time is in decaauts)
 A = Elapsed time spent in this place.
 B = Non-inter-level travel time spent in this place.
 C = Inter-level travel time spent in this place.
 D = Time resting spent in this place.
 E = Time spent auto-exploring this place.
 F = Levels seen in this place.
 G = Mean time per level.
                   A        B        C        D        E       F      G
               +--------+--------+--------+--------+--------+-----+--------+
         Total |    826 |    779 |     47 |      4 |    659 |   2 |  413.0 |
       Dungeon |    826 |    779 |     47 |      4 |    659 |   2 |  413.0 |
               +--------+--------+--------+--------+--------+-----+--------+

Top non-repeatable levels by time:
     D:1: 798 daAuts
     D:2: 27 daAuts
